 Dungeon Crawl Stone Soup version 0.25-a0-398-g1920f1ac21 (webtiles) character file.

Game seed: 7620541974817794554, levelgen mode: deterministic

2047 PentaManta the Basher (level 9, -1/52 HPs)
             Began as a Gargoyle Fighter on Jan 7, 2020.
             Was a Believer of Okawaru.
             Slain by a meliai
             ... wielding a cursed -3 hand axe
              (4 damage)
             ... on level 8 of the Dungeon on Jan 8, 2020.
             The game lasted 00:19:24 (8536 turns).

PentaManta the Basher (Gargoyle Fighter)            Turns: 8536, Time: 00:19:24

Health: -1/52      AC: 18    Str: 23    XL:     9   Next: 24%
Magic:  9/9        EV:  8    Int:  9    God:    Okawaru [**....]
Gold:   381        SH: 10    Dex:  9    Spells: 8/8 levels left

rFire    . . .     SeeInvis .   a - +1 flail
rCold    . . .     Gourm    .   c - +1 shield
rNeg     + . .     Faith    .   b - +0 scale mail
rPois    ∞         Spirit   .   (no helmet)
rElec    +         Reflect  .   (no cloak)
rCorr    +         Harm     .   (no gloves)
MR       .....                  (no boots)
Stlth    ..........             (no amulet)
HPRegen  0.17/turn              y - +5 ring of protection
MPRegen  0.11/turn              u - ring of resist corrosion

@: about to teleport, starving
A: negative energy resistance 1, electricity resistance, unbreathing,
petrification resistance, rot immunity, AC +6
a: Heroism, Renounce Religion


You were on level 8 of the Dungeon.
You worshipped Okawaru.
Okawaru was pleased with you.
You were starving.

You visited 1 branch of the dungeon, and saw 9 of its levels.

You collected 530 gold pieces.
You spent 149 gold pieces at shops.

Inventory:

Hand Weapons
 a - a +1 flail (weapon)
 j - a +0 whip
Missiles
 i - 16 poisoned darts (quivered)
Armour
 b - a +0 scale mail (worn)
 c - a +1 shield (worn)
 x - a +0 large shield of protection
 B - a +2 leather armour of fire resistance
Jewellery
 l - an uncursed ring of positive energy
 u - a ring of resist corrosion (right hand)
 y - a +5 ring of protection (left hand)
Wands
 w - a wand of acid (7)
Scrolls
 e - 6 scrolls of teleportation
 g - 6 scrolls of identify
 n - a scroll of enchant armour
 o - 4 scrolls of remove curse
Potions
 d - 2 potions of might
 h - 3 potions of haste
 k - a potion of resistance {unknown}
 m - 3 potions of agility
 p - 3 potions of flight
 q - a potion of degeneration
 s - a potion of brilliance {unknown}
 v - a potion of curing
 z - a potion of invisibility {unknown}
Comestibles
 f - 14 rations


   Skills:
 + Level 4.2 Fighting
 + Level 10.8 Maces & Flails
 + Level 4.2 Armour
 + Level 1.7 Dodging
 + Level 4.2 Shields


You had 8 spell levels left.
You didn't know any spells.
Your spell library contained the following spells:

 Spells                   Type           Power        Failure   Level  Hunger
 Beastly Appendage        Tmut           #.....       99%         1    ##.....
 Sticks to Snakes         Tmut           #.......     99%         2    ###....
 Confusing Touch          Hex            #.......     100%        3    ####...
 Gell's Gravitas          Tloc           #.........   100%        3    ####...
 Spider Form              Tmut/Pois      #.........   100%        3    ####...
 Ice Form                 Ice/Tmut       #.......     100%        4    #####..
 Petrify                  Tmut/Erth      #.......     100%        4    #####..
 Blade Hands              Tmut           #.........   100%        5    ######.
 Metabolic Englaciation   Hex/Ice        #.........   100%        5    ######.
 Yara's Violent Unravell  Hex/Tmut       #.........   100%        5    ######.


Dungeon Overview and Level Annotations

Branches:
Dungeon (9/15)             Temple (0/1) D:7
   Lair: D:8-11         Orc: D:9-12

Altars:
Ashenzari
Kikubaaqudgha
Okawaru

Shops:
D:7 [

Annotations:
D:7 1 runed translucent door, Kagalorn's ghost, novice NaAM


Innate Abilities, Weirdness & Mutations

You are resistant to torment.
Your stone body is resilient. (AC +6)
You are immune to poison.
You resist negative energy. (rN+)
You are resistant to electric shocks. (rElec)
You can survive without breathing.
You are immune to petrification.
You are immune to rotting.


Message History

The meliai hits you but does no damage.
The meliai stings you but does no damage.
You are starving!
The meliai mumbles some strange prayers to its god against you.
Something smites you!
* * * LOW HITPOINT WARNING * * *
The meliai barely misses you.
The meliai stings you but does no damage.
There is a stone staircase leading down here.
As you read the scroll of teleportation, it crumbles to dust.
You feel strangely unstable.
The meliai hits you with a cursed -3 hand axe.
* * * LOW HITPOINT WARNING * * *
The meliai stings you but does no damage.
The meliai hits you but does no damage. You block the meliai's attack.
The meliai hits you but does no damage. You block the meliai's attack.
The meliai hits you but does no damage.
The meliai stings you but does no damage.
The meliai hits you with a cursed -3 hand axe.
You die...

.......##.#.###.........#.#
#########.#..##.#########.#
####......##.##.#.......#.#
.............##.#.#####.#.#
..............#.#.# #.#.#
............#.#.#.#####...#
####......###..S#....#######
#......# ##yy####.......#
#......# #.>@..#.)####.#
#......# #####.#.....#.#
#......# #.##.#..#.# #......#
#....#.##.# ######.###
####......# #....†...#
############## #........#
#.(.........#
#........###..(.......(#######
#.............................


You could see a water moccasin and 2 meliai.

Vanquished Creatures
  A hippogriff (D:8)
  A water moccasin (D:9)
  An ogre (D:7)
  2 centaurs (D:7)
  A big kobold (D:4)
  A gnoll sergeant (D:6)
  A scorpion (D:6)
  4 killer bees (D:8)
  2 howler monkeys
  4 crimson imps
  A vampire bat (D:3)
  6 orc priests
  5 orc wizards
  4 bullfrog skeletons
  An iguana (D:6)
  5 worker ants
  A killer bee zombie (D:6)
  A hound zombie (D:9)
  A worker ant zombie (D:9)
  10 gnolls
  6 adders
  3 shadow imps
  An ooze (D:3)
  An adder zombie (D:7)
  An adder skeleton (D:4)
  4 worms
  2 dart slugs
  3 leopard geckos
  19 orcs
  2 ball pythons
  2 bat skeletons (D:3)
  3 bat zombies (D:3)
  A giant cockroach (D:6)
  3 goblins
  6 hobgoblins
  5 jackals
  10 kobolds
  4 quokkas
  9 bats
  5 frilled lizards
  A leopard gecko skeleton (D:6)
  11 rats
155 creatures vanquished.

Notes
Turn   | Place    | Note
-------+----------+-------------------------------------------
     0 | D:1      | PentaManta the Gargoyle Fighter began the quest for the
                  | Orb.
     0 | D:1      | Reached XP level 1. HP: 14/14 MP: 1/1
   135 | D:1      | Reached XP level 2. HP: 19/19 MP: 2/2
   170 | D:1      | Reached skill level 3 in Maces & Flails
   520 | D:1      | Reached XP level 3. HP: 23/23 MP: 3/3
  1153 | D:2      | Reached skill level 4 in Maces & Flails
  1153 | D:2      | Reached XP level 4. HP: 22/28 MP: 4/4
  1224 | D:2      | Found an iron altar of Okawaru.
  1230 | D:2      | Became a worshipper of Warmaster Okawaru
  2172 | D:2      | Reached skill level 5 in Maces & Flails
  2172 | D:2      | Reached XP level 5. HP: 15/32 MP: 5/5
  2765 | D:3      | Reached skill level 6 in Maces & Flails
  2765 | D:3      | Reached XP level 6. HP: 10/37 MP: 6/6
  3081 | D:3      | Upgraded the game from 0.25-a0-378-gd2ca0b7745 to
                  | 0.25-a0-398-g1920f1ac21
  3303 | D:3      | Found a faded altar of an unknown god.
  3477 | D:3      | Found an ancient bone altar of Kikubaaqudgha.
  3488 | D:3      | Reached * piety under Okawaru
  3553 | D:4      | Reached skill level 7 in Maces & Flails
  3606 | D:4      | Reached XP level 7. HP: 20/41 MP: 7/7
  4244 | D:5      | Entered Level 5 of the Dungeon
  4387 | D:5      | HP: 2/41 [orc priest/divine providence (9)]
  4438 | D:4      | Reached skill level 8 in Maces & Flails
  5448 | D:6      | Reached XP level 8. HP: 33/46 MP: 8/8
  5474 | D:6      | Reached skill level 9 in Maces & Flails
  5480 | D:6      | Reached ** piety under Okawaru
  6697 | D:7      | Found a runed translucent door.
  6697 | D:7      | Noticed Kagalorn's ghost (novice NaAM)
  6747 | D:7      | Reached skill level 10 in Maces & Flails
  6969 | D:7      | Found a staircase to the Ecumenical Temple.
  7038 | D:7      | Found Lomm's Armour Shop.
  7046 | D:7      | Bought a +0 large shield of protection for 149 gold pieces
  7698 | D:8      | Noticed a hippogriff
  7705 | D:8      | Killed a hippogriff
  7705 | D:8      | Reached skill level 1 in Dodging
  7705 | D:8      | Reached XP level 9. HP: 37/52 MP: 9/9
  8183 | D:8      | Found a shattered altar of Ashenzari.
  8364 | D:9      | Noticed a meliai
  8365 | D:9      | Noticed a meliai
  8366 | D:9      | Noticed a meliai
  8536 | D:8      | Slain by a meliai

Levels and vault maps discovered:
D:1:      scummos_arrival_forest, layout_basic
D:2:      layout_basic, okawaru_metal_pillars_1_2
D:3:      layout_rooms, kennysheep_vampire_church,
          chequers_ecumenical_altar_simple, minmay_fractal_squares_diagonal_5
D:4:      layout_rooms, first_ration, grunt_ministairs_1
D:5:      layout_loops_ring
D:6:      layout_layer_cave
D:7:      layout_gridville, minmay_temple_entry_glassed_door, serial_shops,
          shop, ebering_ghost_inner_flame
D:8:      layout_basic, evilmike_ruin_ashenzari
D:9:      wad_cavern_with_rooms, layout_loops_ring, kennysheep_little_box,
          nicolae_overflow_hidden_temple

Skill      XL: |  1  2  3  4  5  6  7  8  9 |
---------------+----------------------------+-----
Maces & Flails | 3 4 5 6 7 8 10 | 10.8
Dodging        | 1 |  1.7
Armour         | 4 |  4.2
Shields        | 4 |  4.2
Fighting       | 4 |  4.2

Action                   |  1- 3 |  4- 6 |  7- 9 || total
-------------------------+-------+-------+-------++-------
Melee: Flail             |    79 |   238 |   355 ||   672
       Whip              |       |    97 |       ||    97
Throw: Dart              |       |       |     4 ||     4
  Use: Scroll            |     3 |     3 |    13 ||    19
       Potion            |       |       |     7 ||     7
  Eat: Chunk             |       |     8 |    12 ||    20
       Ration            |       |       |     1 ||     1
Armor: Scale mail        |    43 |   197 |   241 ||   481
Dodge: Dodged            |    21 |   118 |   115 ||   254
Block: Shield            |    51 |   186 |   212 ||   449

Table legend:
 A = Non-vault XP
 B = Vault XP
 C = Vault XP percentage of total XP
 D = Non-vault monster count
 E = Vault monster count
 F = Vault count percentage of total count
                 A         B        C        D         E       F
            +---------+---------+-------+---------+---------+-------
      Total |    2825 |     100 |   3.4 |     141 |      14 |   9.0
            +---------+---------+-------+---------+---------+-------
        D:1 |      56 |       0 |   0.0 |      25 |       0 |   0.0
        D:2 |     193 |       0 |   0.0 |      28 |       0 |   0.0
        D:3 |     157 |      95 |  37.7 |      21 |      13 |  38.2
        D:4 |     361 |       5 |   1.4 |      15 |       1 |   6.2
        D:5 |     258 |       0 |   0.0 |       7 |       0 |   0.0
        D:6 |     501 |       0 |   0.0 |      18 |       0 |   0.0
        D:7 |     434 |       0 |   0.0 |      11 |       0 |   0.0
        D:8 |     677 |       0 |   0.0 |      13 |       0 |   0.0
        D:9 |     188 |       0 |   0.0 |       3 |       0 |   0.0
            +---------+---------+-------+---------+---------+-------
